SAAA
HAMILTON COYOTES @ HIALEAH DODOS
05/10/2042
 
TOP OF THE 1ST
Hamilton Coyotes batting - Pitching for Hialeah Dodos : RHP César Soto
Pitching: RHP César Soto
Batting: LHB Jason Powell 0-0: Ball
1-0: Called Strike
1-1: Ball
2-1: Ball
3-1: Base on Balls
Batting: RHB Cary Collins 0-0: Ball
Jason Powell steals 2nd base (no throw)
1-0: Ball
2-0: SINGLE (Groundball, 6, EV 77.5 MPH) (infield hit)
Jason Powell to third
Batting: SHB Alex Warner 0-0: Foul Ball, location: 2F
0-1: Ball
1-1: Ball
2-1: Foul Ball, location: 2F
2-2: Ball
3-2: Foul Ball, location: 2F
3-2: Reached on error, E1 (Groundball, 13, EV 67.5 MPH)
Jason Powell scores
Cary Collins to second
Batting: RHB Rey McSriff 0-0: Fly out, F9 (Flyball, 9S, EV 75.6 MPH)
Batting: SHB Júlio Moreno 0-0: Called Strike
0-1: SINGLE (Flyball, 9LS, EV 88.1 MPH)
Cary Collins to third
Alex Warner to second
Batting: RHB Kazunari Mizuno 0-0: Called Strike
0-1: Ball
1-1: Ball
2-1: Foul Ball, location: 2F
2-2: Foul Ball, location: 2F
2-2: Strikes out looking
Batting: RHB Gary Goodwin 0-0: Called Strike
0-1: Foul Ball, location: 2F
0-2: Ball
1-2: Ball
2-2: Strikes out swinging
Top of the 1st over - 1 run, 2 hits, 1 error, 3 left on base; Hamilton 1 - Hialeah 0
BOTTOM OF THE 1ST
Hialeah Dodos batting - Pitching for Hamilton Coyotes : LHP Freddy Campos
Pitching: LHP Freddy Campos
Batting: RHB Yaakov Shmerkin 0-0: Ball
1-0: Ball
2-0: Ground out 6-3 (Groundball, 6M, EV 102.5 MPH)
Batting: RHB Eddie Neef 0-0: Called Strike
0-1: Fly out, F8 (Line Drive, 8RD, EV 105.6 MPH)
Batting: LHB Keith Pick 0-0: Foul Ball, location: 2F
0-1: Called Strike
0-2: SINGLE (Line Drive, 7S, EV 104.4 MPH)
Batting: RHB Mulia Muljana 0-0: Ball
1-0: Ball
2-0: SINGLE (Line Drive, 6MD, EV 100.0 MPH)
Keith Pick to second
Batting: RHB Juan Reyes 0-0: Ball
1-0: Ball
2-0: Ball
3-0: Called Strike
3-1: Called Strike
3-2: Ground out 6-3 (Groundball, 6, EV 83.8 MPH)
Bottom of the 1st over - 0 runs, 2 hits, 0 errors, 2 left on base; Hamilton 1 - Hialeah 0
TOP OF THE 2ND
Hamilton Coyotes batting - Pitching for Hialeah Dodos : RHP César Soto
Batting: RHB Rob Shannon 0-0: Bunt for hit to 13S - play at first, batter OUT! 1-3
Batting: RHB Dylan Oram 0-0: Foul Ball, location: 2F
0-1: Hit by Pitch
Batting: LHB Jason Powell 0-0: Called Strike
0-1: Foul Ball, location: 2F
0-2: Strikes out swinging
Batting: RHB Cary Collins 0-0: Ball
1-0: Ball
2-0: Ball
3-0: Called Strike
3-1: Called Strike
3-2: Ground out 5-3 (Groundball, 56, EV 110.6 MPH)
Top of the 2nd over - 0 runs, 0 hits, 0 errors, 1 left on base; Hamilton 1 - Hialeah 0
BOTTOM OF THE 2ND
Hialeah Dodos batting - Pitching for Hamilton Coyotes : LHP Freddy Campos
Batting: RHB Alfonso Cabedo 0-0: SINGLE (Flyball, 7S, EV 88.1 MPH)
Batting: RHB Pat Geldart 0-0: Ball
1-0: Foul Ball, location: 2F
1-1: Foul Ball, location: 2F
1-2: Ball
2-2: Fly out, F9 (Flyball, 9S, EV 93.1 MPH)
Batting: RHB Sergio San Martín 0-0: Called Strike
0-1: Ball
1-1: Called Strike
1-2: Foul Ball, location: 2F
1-2: Fly out, F9 (Flyball, 9S, EV 81.9 MPH)
Batting: RHB Ray Covalt 0-0: Called Strike
0-1: Called Strike
0-2: Strikes out swinging
Bottom of the 2nd over - 0 runs, 1 hit, 0 errors, 1 left on base; Hamilton 1 - Hialeah 0
TOP OF THE 3RD
Hamilton Coyotes batting - Pitching for Hialeah Dodos : RHP César Soto
Batting: SHB Alex Warner 0-0: Called Strike
0-1: Foul Ball, location: 2F
0-2: Foul Ball, location: 2F
0-2: Ball
1-2: Ground out 5-3 (Groundball, 56, EV 109.4 MPH)
Batting: RHB Rey McSriff 0-0: Called Strike
0-1: Called Strike
0-2: Ball
1-2: Strikes out looking
Batting: SHB Júlio Moreno 0-0: Ball
1-0: Ground out 6-3 (Groundball, 6, EV 85.6 MPH)
Top of the 3rd over - 0 runs, 0 hits, 0 errors, 0 left on base; Hamilton 1 - Hialeah 0
BOTTOM OF THE 3RD
Hialeah Dodos batting - Pitching for Hamilton Coyotes : LHP Freddy Campos
Batting: RHB Yaakov Shmerkin 0-0: Fly out, F8 (Flyball, 8LM, EV 91.2 MPH)
Batting: RHB Eddie Neef 0-0: Called Strike
0-1: SINGLE (Flyball, 9LS, EV 88.8 MPH)
Batting: LHB Keith Pick 0-0: Ball
1-0: Swinging Strike
1-1: Swinging Strike
1-2: Grounds into double play, 5-4-3 (Groundball, 56S, EV 85.0 MPH)
Bottom of the 3rd over - 0 runs, 1 hit, 0 errors, 0 left on base; Hamilton 1 - Hialeah 0
TOP OF THE 4TH
Hamilton Coyotes batting - Pitching for Hialeah Dodos : RHP César Soto
Batting: RHB Kazunari Mizuno 0-0: Swinging Strike
0-1: Ball
1-1: Called Strike
1-2: Ball
2-2: Ground out 6-3 (Groundball, 6, EV 101.2 MPH)
Batting: RHB Gary Goodwin 0-0: Called Strike
0-1: Ball
1-1: Foul Ball, location: 2F
1-2: Ball
2-2: Ball
3-2: SINGLE (Flyball, 9LS, EV 90.0 MPH)
Batting: RHB Rob Shannon 0-0: Swinging Strike
0-1: Ball
1-1: Called Strike
1-2: Strikes out looking
Batting: RHB Dylan Oram 0-0: Ball
1-0: Swinging Strike
1-1: Called Strike
1-2: Ball
2-2: Fielders Choice at 2nd, 5-4 (Groundball, 5L, EV 105.6 MPH)
Top of the 4th over - 0 runs, 1 hit, 0 errors, 1 left on base; Hamilton 1 - Hialeah 0
BOTTOM OF THE 4TH
Hialeah Dodos batting - Pitching for Hamilton Coyotes : LHP Freddy Campos
Batting: RHB Mulia Muljana 0-0: Called Strike
0-1: Fly out, F9 (Flyball, 9S, EV 76.2 MPH)
Batting: RHB Juan Reyes 0-0: Ball
1-0: Called Strike
1-1: Ball
2-1: Called Strike
2-2: Foul Ball, location: 2F
2-2: SOLO HOME RUN (Flyball, 78XD, EV 96.2 MPH), Distance : 422 ft
Batting: RHB Alfonso Cabedo 0-0: Called Strike
0-1: Called Strike
0-2: Ball
1-2: Strikes out swinging
Batting: RHB Pat Geldart 0-0: Foul Ball, location: 2F
0-1: Ball
1-1: Ball
2-1: Called Strike
2-2: Ball
3-2: Base on Balls
Batting: RHB Sergio San Martín 0-0: Ball
1-0: Called Strike
1-1: Ball
2-1: Ground out 2-3 (Groundball, 2R, EV 70.0 MPH)
Bottom of the 4th over - 1 run, 1 hit, 0 errors, 1 left on base; Hamilton 1 - Hialeah 1
TOP OF THE 5TH
Hamilton Coyotes batting - Pitching for Hialeah Dodos : RHP César Soto
Batting: LHB Jason Powell 0-0: Called Strike
0-1: Ground out 6-3 (Groundball, 6M, EV 86.9 MPH)
Batting: RHB Cary Collins 0-0: Fly out, F7 (Line Drive, 7, EV 87.5 MPH)
Batting: SHB Alex Warner 0-0: Foul Ball, location: 2F
0-1: Foul Ball, location: 2F
0-2: Foul Ball, location: 2F
0-2: Foul Ball, location: 2F
0-2: Foul Ball, location: 2F
0-2: Ground out 4-3 (Groundball, 4, EV 83.8 MPH)
Top of the 5th over - 0 runs, 0 hits, 0 errors, 0 left on base; Hamilton 1 - Hialeah 1
BOTTOM OF THE 5TH
Hialeah Dodos batting - Pitching for Hamilton Coyotes : LHP Freddy Campos
Batting: RHB Ray Covalt 0-0: Called Strike
0-1: Ball
1-1: Ball
2-1: Fly out, F7 (Flyball, 7, EV 75.6 MPH)
Batting: RHB Yaakov Shmerkin 0-0: Ball
1-0: Foul Ball, location: 2F
1-1: Ball
2-1: Foul Ball, location: 2F
2-2: SINGLE (Groundball, 56S, EV 67.5 MPH) (infield hit)
Batting: RHB Eddie Neef 0-0: Fly out, F7 (Flyball, 7S, EV 88.1 MPH)
Batting: LHB Keith Pick 0-0: Ball
1-0: Swinging Strike
1-1: Fielders Choice at 2nd, 6-4 (Groundball, 6, EV 78.8 MPH)
Bottom of the 5th over - 0 runs, 1 hit, 0 errors, 1 left on base; Hamilton 1 - Hialeah 1
TOP OF THE 6TH
Hamilton Coyotes batting - Pitching for Hialeah Dodos : RHP César Soto
Batting: RHB Rey McSriff 0-0: Swinging Strike
0-1: Ground out 4-3 (Groundball, 4S, EV 66.9 MPH)
Batting: SHB Júlio Moreno 0-0: Ball
1-0: Ball
2-0: Called Strike
2-1: Single, Error in OF, E9, batter to second base (Groundball, 34D, EV 105.0 MPH)
Batting: RHB Kazunari Mizuno 0-0: Foul Ball, location: 2F
0-1: SINGLE (Flyball, 34D, EV 90.6 MPH)
Júlio Moreno to third
Batting: RHB Gary Goodwin 0-0: Ball
Kazunari Mizuno is caught stealing 2nd base 2-4
1-0: Swinging Strike
1-1: Foul Ball, location: 2F
1-2: Strikes out swinging
Top of the 6th over - 0 runs, 2 hits, 1 error, 1 left on base; Hamilton 1 - Hialeah 1
BOTTOM OF THE 6TH
Hialeah Dodos batting - Pitching for Hamilton Coyotes : LHP Freddy Campos
Batting: RHB Mulia Muljana 0-0: Called Strike
0-1: SOLO HOME RUN (Line Drive, 89XD, EV 96.9 MPH), Distance : 413 ft
Batting: RHB Juan Reyes 0-0: SOLO HOME RUN (Flyball, 7LD, EV 93.8 MPH), Distance : 339 ft
Batting: RHB Alfonso Cabedo 0-0: Ball
1-0: Ground out 5-3 (Groundball, 56, EV 80.6 MPH)
Batting: RHB Pat Geldart 0-0: Fly out, F8 (Flyball, 8RM, EV 93.8 MPH)
Batting: RHB Sergio San Martín 0-0: Ball
1-0: Foul Ball, location: 2F
1-1: Ball
2-1: Ground out 6-3 (Groundball, 6, EV 96.2 MPH)
Bottom of the 6th over - 2 runs, 2 hits, 0 errors, 0 left on base; Hamilton 1 - Hialeah 3
TOP OF THE 7TH
Hamilton Coyotes batting - Pitching for Hialeah Dodos : RHP César Soto
Pitching: RHP Kenneth Ferrell
Batting: RHB Rob Shannon 0-0: Ball
1-0: Ball
2-0: Called Strike
2-1: Ball
3-1: Base on Balls
Batting: RHB Dylan Oram 0-0: Called Strike
0-1: Ball
1-1: Bunted foul
1-2: Grounds into double play, 6-4-3 (Groundball, 6, EV 90.6 MPH)
Batting: LHB Jason Powell 0-0: Ball
1-0: Ball
2-0: Ball
3-0: Called Strike
3-1: Base on Balls
Batting: RHB Cary Collins 0-0: Called Strike
0-1: Ground out 4-3 (Groundball, 34, EV 80.6 MPH)
Top of the 7th over - 0 runs, 0 hits, 0 errors, 1 left on base; Hamilton 1 - Hialeah 3
BOTTOM OF THE 7TH
Hialeah Dodos batting - Pitching for Hamilton Coyotes : LHP Freddy Campos
Batting: RHB Ray Covalt 0-0: Ball
1-0: Called Strike
1-1: Ball
2-1: DOUBLE (Flyball, 7LD, EV 90.6 MPH)
Batting: RHB Yaakov Shmerkin 0-0: Ball
1-0: Bunted foul
1-1: Sac Bunt to 2R - play at third, runner OUT! 2-5
Batting: RHB Eddie Neef 0-0: Ball
1-0: Fly out, F6 (Line Drive, 6, EV 66.9 MPH)
Batting: LHB Keith Pick 0-0: Fly out, F2 (Popup, 5SF, EV 78.8 MPH)
Bottom of the 7th over - 0 runs, 1 hit, 0 errors, 1 left on base; Hamilton 1 - Hialeah 3
TOP OF THE 8TH
Hamilton Coyotes batting - Pitching for Hialeah Dodos : RHP Kenneth Ferrell
Batting: SHB Alex Warner 0-0: Ball
1-0: SOLO HOME RUN (Flyball, 9D, EV 98.1 MPH), Distance : 378 ft
Batting: RHB Rey McSriff 0-0: Called Strike
0-1: Ground out 6-3 (Groundball, 56S, EV 85.0 MPH)
Batting: SHB Júlio Moreno 0-0: Foul Ball, location: 2F
0-1: Ground out 4-3 (Groundball, 34, EV 80.0 MPH)
Batting: RHB Kazunari Mizuno 0-0: Ground out 4-3 (Groundball, 4, EV 98.8 MPH)
Top of the 8th over - 1 run, 1 hit, 0 errors, 0 left on base; Hamilton 2 - Hialeah 3
BOTTOM OF THE 8TH
Hialeah Dodos batting - Pitching for Hamilton Coyotes : LHP Freddy Campos
Batting: RHB Mulia Muljana 0-0: Fly out, F8 (Flyball, 8RM, EV 88.8 MPH)
Batting: RHB Juan Reyes 0-0: Called Strike
0-1: Ball
1-1: Ball
2-1: Ball
3-1: Base on Balls
Pitching: RHP Pei Fa
Batting: RHB Alfonso Cabedo 0-0: Foul Ball, location: 2F
0-1: Fly out, F7 (Flyball, 7LM, EV 101.2 MPH)
Batting: RHB Pat Geldart 0-0: Ball
1-0: 2-RUN HOME RUN (Flyball, 7D, EV 99.4 MPH), Distance : 365 ft
Batting: RHB Sergio San Martín 0-0: Called Strike
0-1: Ball
1-1: Ground out 1-3 (Groundball, P, EV 88.1 MPH)
Bottom of the 8th over - 2 runs, 1 hit, 0 errors, 0 left on base; Hamilton 2 - Hialeah 5
TOP OF THE 9TH
Hamilton Coyotes batting - Pitching for Hialeah Dodos : RHP Kenneth Ferrell
Pitching: RHP Surrealiste Zhejna
Batting: RHB Gary Goodwin 0-0: Called Strike
0-1: Swinging Strike
0-2: Ground out 5-3 (Groundball, 56, EV 103.8 MPH)
Batting: RHB Rob Shannon 0-0: Ball
1-0: Swinging Strike
1-1: Swinging Strike
1-2: Foul Ball, location: 2F
1-2: Strikes out swinging
Batting: RHB Dylan Oram 0-0: Ball
1-0: Ball
2-0: Foul Ball, location: 2F
2-1: Ball
3-1: Foul Ball, location: 2F
3-2: SINGLE (Groundball, 3D, EV 107.5 MPH)
Batting: LHB Jason Powell 0-0: Called Strike
0-1: Called Strike
0-2: Ball
1-2: Foul Ball, location: 2F
1-2: Ball
2-2: Ball
3-2: Fly out, F9 (Flyball, 9S, EV 85.6 MPH)
Top of the 9th over - 0 runs, 1 hit, 0 errors, 1 left on base; Hamilton 2 - Hialeah 5
Friday, March 26th, 2021 - OOTP Baseball 20.8 Build 74